 Dungeon Crawl Stone Soup version 0.30-a0-1103-g25895a7845 (webtiles) character file.

Game seed: 18048573409575345635

14835 ytrimaz the Martial Artist (level 12, -4/138 HPs)
             Began as a Gnoll Transmuter on Apr 18, 2023.
             Slain by a fire elemental (9 damage)
             ... led by Azrael
             ... on level 12 of the Dungeon.
             The game lasted 00:14:24 (9560 turns).

ytrimaz the Martial Artist (Gnoll Transmuter)       Turns: 9560, Time: 00:14:25

Health: -4/138     AC: 26    Str: 13    XL:     12   Next: 20%
Magic:  25/25      EV:  2    Int: 20    God:
Gold:   692        SH:  0    Dex: 12    Spells: 14/29 levels left

rFire   . . .      SeeInvis +      - Unarmed
rCold   . . .      Faith    .    (no shield)
rNeg    . . .      Spirit   .    D - melded +2 robe {rF+}
rPois   +          Reflect  .    (helmet currently unavailable)
rElec   .          Rampage  .    (cloak currently unavailable)
rCorr   +          NoTele   +    j - melded +1 pair of gloves
Will    .....                    E - melded +0 pair of boots
Stlth   +++                      f - amulet of regeneration
HPRegen 1.23/turn                r - ring of wizardry
MPRegen 0.19/turn                g - ring "Wisoicw" {rCorr Int+3 Slay+4 SInv}

@: tree-form, wereblooded
A: stationary, stasis, torment immunity, boosted hp, (fangs 1), strong nose,
distributed training, strong 1
a: no special abilities


You were on level 12 of the Dungeon.
You were a tree.
You visited 1 branch of the dungeon, and saw 13 of its levels.

You collected 692 gold pieces.


Innate Abilities, Weirdness & Mutations

You are a tree.
Your roots penetrate the ground, keeping you stationary.
You cannot be teleported.
You are immune to unholy pain and torment.
Your maximum health is greatly increased.
Your equipment is partially melded.
((You have very sharp teeth.))
Your uncanny sense of smell can sniff out nearby items.
Your experience applies equally to all skills.
Your muscles are strong. (Str +4, Int/Dex -1)


   Skills:
 + Level 7.8 Fighting
 + Level 7.3 Short Blades
 + Level 7.3 Long Blades
 + Level 7.3 Axes
 + Level 7.3 Maces & Flails
 + Level 7.3 Polearms
 + Level 7.3 Staves
 + Level 7.3 Ranged Weapons
 + Level 7.3 Throwing
 + Level 7.3 Armour
 + Level 8.7 Dodging
 + Level 7.3 Stealth
 + Level 7.3 Shields
 + Level 9.9 Unarmed Combat
 + Level 9.0 Spellcasting
 + Level 6.1 Conjurations
 + Level 6.1 Hexes
 + Level 6.1 Summonings
 + Level 6.1 Necromancy
 + Level 6.1 Translocations
 + Level 7.2 Transmutations
 + Level 6.1 Fire Magic
 + Level 6.1 Ice Magic
 + Level 6.1 Air Magic
 + Level 6.1 Earth Magic
 + Level 6.1 Poison Magic
 + Level 8.0 Invocations
 + Level 7.3 Evocations


You had 14 spell levels left.
You knew the following spells:

 Your Spells              Type           Power      Damage    Failure   Level
a - Beastly Appendage     Tmut           76%        N/A       1%          1
b - Wereblood             Tmut           38%        N/A       1%          2
c - Spider Form           Tmut/Pois      35%        N/A       1%          3
d - Ice Form              Ice/Tmut       35%        N/A       1%          4
e - Yara's Violent Unrav  Hex/Tmut       17%        3d8       6%          5

Your spell library contained the following spells:

 Spells                   Type           Power      Damage    Failure   Level
 Apportation              Tloc           66%        N/A       1%          1
 Necrotise                Necr           100%       1d9       1%          1
 Summon Small Mammal      Summ           100%       N/A       1%          1
 Tukima's Dance           Hex            33%        N/A       1%          3
 Airstrike                Air            16%        2d(3-19)  2%          4
 Anguish                  Hex/Necr       16%        N/A       2%          4
 Passage of Golubria      Tloc           33%        N/A       2%          4
 Summon Lightning Spire   Summ/Air       33%        N/A       2%          4
 Alistair's Intoxication  Tmut/Pois      23%        N/A       6%          5
 Freezing Cloud           Conj/Ice/Air   16%        6-21      7%          5
 Summon Forest            Summ/Tloc      16%        N/A       7%          5
 Summon Mana Viper        Hex/Summ       33%        N/A       7%          5
 Death Channel            Necr           16%        N/A       34%         6
 Summon Cactus Giant      Summ           16%        N/A       34%         6
 Enfeeble                 Hex            16%        N/A       88%         7
 Borgnjor's Revivificati  Necr           16%        N/A       100%        8

Inventory:

Missiles
 C - a throwing net
Armour
 j - a +1 pair of gloves (melded)
   (You found it on level 3 of the Dungeon)
 D - a +2 robe of fire resistance (melded)
   (You took it off Psyche on level 8 of the Dungeon)
 E - a +0 pair of boots (melded)
   (You found it on level 9 of the Dungeon)
Jewellery
 c - a +5 ring of evasion
   (You found it on level 1 of the Dungeon)
 f - an amulet of regeneration (around neck)
   (You found it on level 1 of the Dungeon)
 g - the ring "Wisoicw" (right branch) {rCorr Int+3 Slay+4 SInv}
   (You acquired it on level 2 of the Dungeon)

   [ring of slaying]

   Int:       It affects your intelligence (+3).
   Slay:      It affects your accuracy & damage with ranged weapons and melee
   (+4).
   SInv:      It lets you see invisible.
   rCorr:     It protects you from acid and corrosion.
 h - an amulet of guardian spirit
   (You found it on level 1 of the Dungeon)
 r - a ring of wizardry (left branch)
   (You found it on level 4 of the Dungeon)
 B - an amulet of magic regeneration
   (You found it on level 9 of the Dungeon)
 G - an amulet of reflection
   (You found it on level 10 of the Dungeon)
 H - an amulet of faith
   (You found it on level 11 of the Dungeon)
Wands
 a - a wand of paralysis (5)
   (You found it on level 9 of the Dungeon)
 q - a wand of iceblast (25)
   (You found it on level 6 of the Dungeon)
 u - a wand of quicksilver (12)
   (You took it off a kobold on level 4 of the Dungeon)
Scrolls
 d - 2 scrolls of vulnerability
 e - 2 scrolls of fog
 m - a scroll of torment
 w - 8 scrolls of teleportation
 y - a scroll of immolation
 A - a scroll of amnesia
 I - a scroll of identify
 J - a scroll of blinking
Potions
 b - a potion of lignification
 i - 3 potions of mutation
 k - 4 potions of flight
 l - 2 potions of brilliance {unknown}
 n - a potion of ambrosia
 o - a potion of might {unknown}
 p - 2 potions of invisibility {unknown}
 s - 2 potions of attraction {unknown}
 t - a potion of haste {unknown}
 v - 2 potions of magic {unknown}
 x - 4 potions of heal wounds {unknown}
 z - 5 potions of curing
 F - a potion of berserk rage

Dungeon Overview and Level Annotations

Branches:
Dungeon (13/15) Zot: 26877  Temple (0/1) D:5
   Lair: D:8-11         Orc: D:9-12      Vaults: D:13-14

Altars:
Cheibriados
Dithmenos
Fedhas
Gozag
Hepliaklqana
Kikubaaqudgha
Makhleb
Nemelex Xobeh
Okawaru
Trog
Vehumet
Wu Jian

Shops:
D:10 [

Annotations:
D:5 1 runed translucent door, Crazy Yiuf
D:12 Azrael

..##.#..#...............#
..##.#..'...............#
#.##.####.........#...#.#
#.##.........[..........#
#.##..##.............####
#.##.....########....#
#.##.....# #...>#
#........# #....#
#......#♣+ ######
####......EE#
###..........R#######
#.#.#......##..°h....
###.#.#..........○#...#
..#.#.#...u.......h....
.#.#.#.......####+####..
.#.#.#'#.....#
...#...#.##..#


You could see Azrael, a red ugly thing and 2 fire elementals.


Message History

You take 3 damage, and now have 51/92 hp.
You bite the hell hound! The hell hound breathes flames at you.
The blast of flame hits you!
* * * LOW HITPOINT WARNING * * *
The hell hound misses you. 😨 HP[-9]
You take 9 damage, and now have 42/92 hp.
Unknown command.
You maul the hell hound!!
You kill the hell hound!
The hell hound closely misses you.
A fire elemental comes into view.
The fire elemental completely misses you.
Your Spellcasting skill increases to level 9! 😨 HP[+1]
You hit the hell hound. The hell hound breathes flames at you.
The blast of flame hits you!
* * * LOW HITPOINT WARNING * * *
The fire elemental misses you.
The hell hound completely misses you. 😨 HP[-11]
You take 11 damage, and now have 32/92 hp.
Unknown command.
You bite the hell hound!
You kill the hell hound!
The fire elemental hits you.
* * * LOW HITPOINT WARNING * * *
The fire elemental burns you!
* * * LOW HITPOINT WARNING * * *
Your magical contamination has completely faded away. 😱 HP[-12]
You take 12 damage, and now have 20/92 hp.
Unknown command.
Really quaff the potion of lignification?
Your transformation has ended.
Your +1 pair of gloves unmelds from your body.
Your +0 pair of boots unmelds from your body.
Your +2 robe of fire resistance unmelds from your body.
You feel resistant to fire.
You turn into a tree.
Your +1 pair of gloves melds into your body.
Your +0 pair of boots melds into your body.
Your +2 robe of fire resistance melds into your body.
You feel less resistant to fire.
Your roots penetrate the ground.
The sentinel's mark upon you fades away.
The fire elemental hits you. x2; The fire elemental burns you!
* * * LOW HITPOINT WARNING * * *
😱 HP[+9] MP[+1]
You now have 138 max hp (+46).
You regained 9 hp, and now have 29/138 hp.
Unknown command.
Casting: Spider Form (safe; 1% risk of failure)
Confirm with . or Enter, or press ? or * to list all spells.
You don't know that spell.
Casting: Spider Form (safe; 1% risk of failure)
Confirm with . or Enter, or press ? or * to list all spells.
Your blood is infused with primal strength.
The fire elemental hits you. The fire elemental burns you!
* * * LOW HITPOINT WARNING * * *
The fire elemental hits you. The fire elemental burns you!
* * * LOW HITPOINT WARNING * * *
Azrael the Boundless Flame comes into view.
He is wielding a +3 scimitar of flaming. 😱 HP[-4] MP[-2]
You take 4 damage, and now have 25/138 hp.
You lost 2 mp, and now have 17/25 mp.
You smack the fire elemental!
The fire elemental hits you. The fire elemental burns you!
* * * LOW HITPOINT WARNING * * *
The fire elemental hits you.
A red ugly thing comes into view. 😱 HP[-2]
You take 2 damage, and now have 23/138 hp.
You barely miss the fire elemental. The fire elemental hits you.
* * * LOW HITPOINT WARNING * * *
The fire elemental burns you!
* * * LOW HITPOINT WARNING * * *
The fire elemental hits you. The fire elemental burns you!
* * * LOW HITPOINT WARNING * * *
The fire elemental hits you. 😱 HP[-13]
You take 13 damage, and now have 10/138 hp.
Unknown command.
Unknown command.
Unknown command.
You are confused.
You feel invigorated. The fire elemental hits you. x2
The fire elemental burns you!
* * * LOW HITPOINT WARNING * * *
The fire elemental hits you. The fire elemental burns you!
* * * LOW HITPOINT WARNING * * *
😱 HP[-7] MP[+5]
You take 7 damage, and now have 3/138 hp.
You regained 5 mp, and now have 22/25 mp.
Unknown command.
You feel better.
You feel less invigorated.
Azrael is momentarily hidden by a cloud of flames.
The fire elemental hits you. The fire elemental burns you!
* * * LOW HITPOINT WARNING * * *
The fire elemental hits you. The fire elemental burns you!
You die...

Skill      XL: |  1  2  3  4  5  6  7  8  9 10 11 12 |
---------------+-------------------------------------+-----
Spellcasting   | 5 6 7 8 9 |  9.0
Invocations    | 1 2 3 4 5 6 7 8 |  8.0
Short Blades   | 1 2 3 5 6 7 |  7.3
Long Blades    | 1 2 3 5 6 7 |  7.3
Axes           | 1 2 3 5 6 7 |  7.3
Maces & Flails | 1 2 3 5 6 7 |  7.3
Polearms       | 1 2 3 5 6 7 |  7.3
Staves         | 1 2 3 5 6 7 |  7.3
Ranged Weapons | 1 2 3 5 6 7 |  7.3
Throwing       | 1 2 3 5 6 7 |  7.3
Armour         | 1 2 3 5 6 7 |  7.3
Stealth        | 1 2 3 5 6 7 |  7.3
Shields        | 1 2 3 5 6 7 |  7.3
Evocations     | 1 2 3 5 6 7 |  7.3
Conjurations   | 1 2 3 4 5 6 |  6.1
Hexes          | 1 2 3 4 5 6 |  6.1
Summonings     | 1 2 3 4 5 6 |  6.1
Necromancy     | 1 2 3 4 5 6 |  6.1
Translocations | 1 2 3 4 5 6 |  6.1
Fire Magic     | 1 2 3 4 5 6 |  6.1
Ice Magic      | 1 2 3 4 5 6 |  6.1
Air Magic      | 1 2 3 4 5 6 |  6.1
Earth Magic    | 1 2 3 4 5 6 |  6.1
Poison Magic   | 1 2 3 4 5 6 |  6.1
Fighting       | 3 4 5 6 7 |  7.8
Transmutations | 4 5 6 7 |  7.2
Dodging        | 5 6 7 8 |  8.7
Unarmed Combat | 7 8 9 |  9.9

Action                     |  1- 3 |  4- 6 |  7- 9 | 10-12 || total
---------------------------+-------+-------+-------+-------++-------
  Melee: Unarmed           |    73 |    82 |   185 |   317 ||   657
         Kick              |     8 |    17 |     8 |       ||    33
         Headbutt          |     9 |     6 |     6 |       ||    21
         Bite              |     2 |     6 |     3 |     1 ||    12
         Punch             |     1 |     1 |     1 |     1 ||     4
   Cast: Beastly Appendage |    22 |    22 |     9 |       ||    53
         Spider Form       |       |     2 |     2 |     3 ||     7
         Ice Form          |       |       |    22 |    34 ||    56
         Wereblood         |       |       |     3 |    17 ||    20
         Yara's Violent Un |       |       |       |     1 ||     1
  Evoke: Wand              |       |       |       |     1 ||     1
    Use: Scroll            |       |     9 |     6 |     7 ||    22
         Potion            |       |       |       |     7 ||     7
   Stab: Sleeping          |       |     1 |     4 |       ||     5
         Distracted        |       |       |       |     1 ||     1
 Armour: Robe              |     5 |     3 |     5 |     1 ||    14
         Skin              |       |       |    50 |   121 ||   171
  Dodge: Dodged            |    72 |    47 |   124 |   207 ||   450

Levels and vault maps discovered:
D:1:      wander_arrival_estate, layout_loops_ring, corner_web_ring,
          grunt_decor_one_mirror
D:2:      layout_loops_ring
D:3:      layout_loops_ring, nicolae_overflow_ecumenical_swirl,
          fedhas_altar_fruit_tree, mainiacjoe_overflow_large_starburst,
          lemuel_round_altar, hellmonk_ecumenical_altar_watching_god
D:4:      layout_basic, amcnicky_altar_gilded, glass_columns_a,
          serial_park_tiny_2, uniq_edmund
D:5:      layout_loops_corners, minmay_temple_entry_overgrown,
          uniq_crazy_yiuf_cottage, uniq_grinder
D:6:      layout_loops_ring, trog_hazing_becter, chequers_mini_garden,
          uniq_prince_ribbit1, uniq_maggie
D:7:      layout_gridville, kennysheep_slug_shrine
D:8:      layout_gridville, lemuel_round_altar, vehumet_crystals, serial_undead,
          serial_undead_e, serial_undead_e, serial_undead_d, serial_undead_c,
          serial_undead_d, serial_undead_f, serial_undead_c,
          kennysheep_generic_room_4, uniq_psyche, uniq_erica
D:9:      layout_roguey, mainiacjoe_overflow_alcove_4, serial_glass,
          glass_columns_a, glass_columns_b, kennysheep_just_a_vault
D:10:     layout_irregular_city, kiku_gazebo_pond_becter,
          nicolae_shop_dragon_depot
D:11:     layout_loops_ring, david_lair_shrubbed,
          portal_ice_cave_entry_pillars_2
D:12:     layout_stronghold, orc_0_dummy, serial_shops,
          nicolae_shop_back_alley_shop, uniq_lodul, uniq_azrael
D:13:     layout_basic, kennysheep_kite_vault

Notes
Turn   | Place    | Note
-------+----------+-------------------------------------------
     0 | D:1      | ytrimaz the Gnoll Transmuter began the quest for the Orb.
     0 | D:1      | Reached XP level 1. HP: 17/17 MP: 6/6
     0 | D:1      | magus.rc [v1.9.6]
   156 | D:1      | Reached XP level 2. HP: 23/23 MP: 5/7
   172 | D:1      | Learned a level 2 spell: Wereblood
   325 | D:1      | Reached skill level 5 in Spellcasting
   325 | D:1      | Reached XP level 3. HP: 25/28 MP: 6/9
   576 | D:1      | Reached skill level 1 in Invocations
   827 | D:2      | Reached skill level 1 in Short Blades
   827 | D:2      | Reached skill level 1 in Long Blades
   827 | D:2      | Reached skill level 1 in Axes
   827 | D:2      | Reached skill level 1 in Maces & Flails
   827 | D:2      | Reached skill level 1 in Polearms
   827 | D:2      | Reached skill level 1 in Staves
   827 | D:2      | Reached skill level 1 in Ranged Weapons
   827 | D:2      | Reached skill level 1 in Throwing
   827 | D:2      | Reached skill level 1 in Armour
   827 | D:2      | Reached skill level 1 in Stealth
   827 | D:2      | Reached skill level 1 in Shields
   827 | D:2      | Reached skill level 1 in Evocations
  1003 | D:2      | Reached XP level 4. HP: 32/34 MP: 9/11
  1061 | D:2      | Identified a scroll of acquirement
  1061 | D:2      | Acquired the ring "Wisoicw" {rCorr Int+3 Slay+4 SInv}
  1154 | D:2      | You pick up a book of Cantrips and begin reading...
  1154 | D:2      | You add the spells Necrotise, Summon Small Mammal and
                  | Apportation to your library.
  1312 | D:2      | Reached skill level 1 in Conjurations
  1312 | D:2      | Reached skill level 1 in Hexes
  1312 | D:2      | Reached skill level 1 in Summonings
  1312 | D:2      | Reached skill level 1 in Necromancy
  1312 | D:2      | Reached skill level 1 in Translocations
  1312 | D:2      | Reached skill level 1 in Fire Magic
  1312 | D:2      | Reached skill level 1 in Ice Magic
  1312 | D:2      | Reached skill level 1 in Air Magic
  1312 | D:2      | Reached skill level 1 in Earth Magic
  1312 | D:2      | Reached skill level 1 in Poison Magic
  1404 | D:2      | Learned a level 3 spell: Spider Form
  1551 | D:3      | Found a burning altar of Makhleb.
  1572 | D:3      | Found an ornate altar of the Wu Jian Council.
  1635 | D:3      | Reached XP level 5. HP: 34/40 MP: 10/12
  1637 | D:3      | Reached skill level 3 in Fighting
  1803 | D:3      | Found an opulent altar of Gozag.
  1894 | D:3      | Reached skill level 4 in Transmutations
  1908 | D:3      | Found a faded altar of an unknown god.
  1911 | D:3      | Found a shadowy altar of Dithmenos.
  1974 | D:3      | Noticed a golden eye
  1976 | D:3      | Found a faded altar of an unknown god.
  1978 | D:3      | Noticed a shining eye
  1978 | D:3      | Noticed a shining eye
  1978 | D:3      | Noticed a golden eye
  2116 | D:3      | Found a blossoming altar of Fedhas.
  2334 | D:4      | Noticed an ogre
  2336 | D:4      | Reached skill level 2 in Invocations
  2344 | D:4      | Killed an ogre
  2345 | D:4      | Reached skill level 2 in Short Blades
  2345 | D:4      | Reached skill level 2 in Long Blades
  2345 | D:4      | Reached skill level 2 in Axes
  2345 | D:4      | Reached skill level 2 in Maces & Flails
  2345 | D:4      | Reached skill level 2 in Polearms
  2345 | D:4      | Reached skill level 2 in Staves
  2345 | D:4      | Reached skill level 2 in Ranged Weapons
  2345 | D:4      | Reached skill level 2 in Throwing
  2345 | D:4      | Reached skill level 2 in Armour
  2345 | D:4      | Reached skill level 5 in Dodging
  2345 | D:4      | Reached skill level 2 in Stealth
  2345 | D:4      | Reached skill level 2 in Shields
  2345 | D:4      | Reached skill level 2 in Evocations
  2345 | D:4      | Reached XP level 6. HP: 37/47 MP: 10/14
  2377 | D:4      | Noticed Edmund
  2493 | D:4      | Killed Edmund
  2494 | D:4      | Reached skill level 7 in Unarmed Combat
  2494 | D:4      | Reached XP level 7. HP: 20/52 MP: 13/15
  2540 | D:4      | Found a sparkling altar of Nemelex Xobeh.
  2665 | D:4      | Reached skill level 2 in Conjurations
  2665 | D:4      | Reached skill level 2 in Hexes
  2665 | D:4      | Reached skill level 2 in Summonings
  2665 | D:4      | Reached skill level 2 in Necromancy
  2665 | D:4      | Reached skill level 2 in Translocations
  2665 | D:4      | Reached skill level 2 in Fire Magic
  2665 | D:4      | Reached skill level 2 in Ice Magic
  2665 | D:4      | Reached skill level 2 in Air Magic
  2665 | D:4      | Reached skill level 2 in Earth Magic
  2665 | D:4      | Reached skill level 2 in Poison Magic
  2671 | D:4      | Learned a level 4 spell: Ice Form
  2809 | D:5      | Entered Level 5 of the Dungeon
  3067 | D:5      | Found a staircase to the Ecumenical Temple.
  3106 | D:5      | You add the spells Tukima's Dance, Passage of Golubria and
                  | Yara's Violent Unravelling to your library.
  3157 | D:5      | Reached skill level 3 in Invocations
  3190 | D:5      | Noticed Grinder
  3199 | D:5      | Killed Grinder
  3200 | D:5      | Reached skill level 4 in Fighting
  3200 | D:5      | Reached skill level 3 in Short Blades
  3200 | D:5      | Reached skill level 3 in Long Blades
  3200 | D:5      | Reached skill level 3 in Axes
  3200 | D:5      | Reached skill level 3 in Maces & Flails
  3200 | D:5      | Reached skill level 3 in Polearms
  3200 | D:5      | Reached skill level 3 in Staves
  3200 | D:5      | Reached skill level 3 in Ranged Weapons
  3200 | D:5      | Reached skill level 3 in Throwing
  3200 | D:5      | Reached skill level 3 in Armour
  3200 | D:5      | Reached skill level 3 in Stealth
  3200 | D:5      | Reached skill level 3 in Shields
  3200 | D:5      | Reached skill level 3 in Evocations
  3200 | D:5      | Reached XP level 8. HP: 60/60 MP: 12/16
  3353 | D:5      | Reached skill level 6 in Spellcasting
  3760 | D:5      | Found a runed translucent door.
  3761 | D:5      | Noticed Crazy Yiuf
  3978 | D:6      | Noticed Maggie
  3991 | D:6      | Killed Maggie
  3992 | D:6      | Reached skill level 3 in Conjurations
  3992 | D:6      | Reached skill level 3 in Hexes
  3992 | D:6      | Reached skill level 3 in Summonings
  3992 | D:6      | Reached skill level 3 in Necromancy
  3992 | D:6      | Reached skill level 3 in Translocations
  3992 | D:6      | Reached skill level 3 in Fire Magic
  3992 | D:6      | Reached skill level 3 in Ice Magic
  3992 | D:6      | Reached skill level 3 in Air Magic
  3992 | D:6      | Reached skill level 3 in Earth Magic
  3992 | D:6      | Reached skill level 3 in Poison Magic
  3992 | D:6      | Reached skill level 4 in Invocations
  4024 | D:6      | Reached skill level 6 in Dodging
  4032 | D:6      | Reached skill level 5 in Transmutations
  4127 | D:6      | Reached XP level 9. HP: 66/66 MP: 14/18
  4169 | D:6      | Noticed Prince Ribbit
  4180 | D:6      | Killed Prince Ribbit
  4181 | D:6      | Reached skill level 4 in Short Blades
  4181 | D:6      | Reached skill level 4 in Long Blades
  4181 | D:6      | Reached skill level 4 in Axes
  4181 | D:6      | Reached skill level 4 in Maces & Flails
  4181 | D:6      | Reached skill level 4 in Polearms
  4181 | D:6      | Reached skill level 4 in Staves
  4181 | D:6      | Reached skill level 4 in Ranged Weapons
  4181 | D:6      | Reached skill level 4 in Throwing
  4181 | D:6      | Reached skill level 4 in Armour
  4181 | D:6      | Reached skill level 4 in Stealth
  4181 | D:6      | Reached skill level 4 in Shields
  4181 | D:6      | Reached skill level 4 in Evocations
  4480 | D:6      | Reached skill level 5 in Fighting
  4757 | D:6      | Found a bloodstained altar of Trog.
  4874 | D:7      | Noticed a two-headed ogre
  4882 | D:7      | Killed a two-headed ogre
  4883 | D:7      | Reached skill level 8 in Unarmed Combat
  4883 | D:7      | Reached skill level 5 in Invocations
  4917 | D:7      | Found a snail-covered altar of Cheibriados.
  5030 | D:7      | Learned a level 5 spell: Yara's Violent Unravelling
  5067 | D:7      | Reached skill level 7 in Spellcasting
  5248 | D:7      | Reached skill level 4 in Conjurations
  5248 | D:7      | Reached skill level 4 in Hexes
  5248 | D:7      | Reached skill level 4 in Summonings
  5248 | D:7      | Reached skill level 4 in Necromancy
  5248 | D:7      | Reached skill level 4 in Translocations
  5248 | D:7      | Reached skill level 4 in Fire Magic
  5248 | D:7      | Reached skill level 4 in Ice Magic
  5248 | D:7      | Reached skill level 4 in Air Magic
  5248 | D:7      | Reached skill level 4 in Earth Magic
  5248 | D:7      | Reached skill level 4 in Poison Magic
  5299 | D:7      | You pick up a book of Maledictions and begin reading...
  5299 | D:7      | You add the spells Anguish and Enfeeble to your library.
  5805 | D:8      | Noticed Psyche
  5810 | D:8      | Killed Psyche
  5811 | D:8      | Reached skill level 5 in Short Blades
  5811 | D:8      | Reached skill level 5 in Long Blades
  5811 | D:8      | Reached skill level 5 in Axes
  5811 | D:8      | Reached skill level 5 in Maces & Flails
  5811 | D:8      | Reached skill level 5 in Polearms
  5811 | D:8      | Reached skill level 5 in Staves
  5811 | D:8      | Reached skill level 5 in Ranged Weapons
  5811 | D:8      | Reached skill level 5 in Throwing
  5811 | D:8      | Reached skill level 5 in Armour
  5811 | D:8      | Reached skill level 5 in Stealth
  5811 | D:8      | Reached skill level 5 in Shields
  5811 | D:8      | Reached skill level 5 in Evocations
  5811 | D:8      | Reached XP level 10. HP: 76/76 MP: 20/20
  5811 | D:8      | Found a hazy altar of Hepliaklqana.
  6016 | D:8      | Reached skill level 7 in Dodging
  6139 | D:8      | HP: 20/85 [wight/+0 great sword (10)]
  6162 | D:8      | Reached skill level 6 in Fighting
  6270 | D:8      | Reached skill level 6 in Transmutations
  6270 | D:8      | Reached skill level 6 in Invocations
  6701 | D:8      | Noticed Erica
  6721 | D:8      | Killed Erica
  6766 | D:8      | Found a radiant altar of Vehumet.
  7186 | D:9      | Reached skill level 9 in Unarmed Combat
  7217 | D:9      | Noticed a kobold demonologist
  7239 | D:9      | Noticed an orange demon
  7244 | D:9      | Killed a kobold demonologist
  7245 | D:9      | Reached skill level 6 in Short Blades
  7245 | D:9      | Reached skill level 6 in Long Blades
  7245 | D:9      | Reached skill level 6 in Axes
  7245 | D:9      | Reached skill level 6 in Maces & Flails
  7245 | D:9      | Reached skill level 6 in Polearms
  7245 | D:9      | Reached skill level 6 in Staves
  7245 | D:9      | Reached skill level 6 in Ranged Weapons
  7245 | D:9      | Reached skill level 6 in Throwing
  7245 | D:9      | Reached skill level 6 in Armour
  7245 | D:9      | Reached skill level 6 in Stealth
  7245 | D:9      | Reached skill level 6 in Shields
  7245 | D:9      | Reached skill level 5 in Conjurations
  7245 | D:9      | Reached skill level 5 in Hexes
  7245 | D:9      | Reached skill level 5 in Summonings
  7245 | D:9      | Reached skill level 5 in Necromancy
  7245 | D:9      | Reached skill level 5 in Translocations
  7245 | D:9      | Reached skill level 5 in Fire Magic
  7245 | D:9      | Reached skill level 5 in Ice Magic
  7245 | D:9      | Reached skill level 5 in Air Magic
  7245 | D:9      | Reached skill level 5 in Earth Magic
  7245 | D:9      | Reached skill level 5 in Poison Magic
  7245 | D:9      | Reached skill level 6 in Evocations
  7245 | D:9      | Reached XP level 11. HP: 83/83 MP: 17/22
  7344 | D:9      | Reached skill level 8 in Spellcasting
  7580 | D:9      | Noticed a two-headed ogre
  7590 | D:9      | Killed a two-headed ogre
  7778 | D:9      | You pick up a book of Party Tricks and begin reading...
  7796 | D:9      | Found an iron altar of Okawaru.
  7806 | D:9      | Reached skill level 7 in Invocations
  7949 | D:9      | Noticed a death knight
  7960 | D:9      | HP: 27/124 [death knight/+4 great mace (21)]
  7962 | D:9      | HP: 4/186 [death knight/+4 great mace (23)]
  7965 | D:9      | Killed a death knight
  7966 | D:9      | Reached skill level 7 in Fighting
  7966 | D:9      | Reached skill level 8 in Dodging
  8203 | D:10     | Entered Level 10 of the Dungeon
  8432 | D:10     | Found Eurybarus's Dragon-Slaying Spoils.
  8567 | D:10     | Gained mutation: Your muscles are strong. (Str +4, Int/Dex
                  | -1) [you]
  8575 | D:10     | You pick up a book of the Wilderness and begin reading...
  8575 | D:10     | You add the spells Summon Forest, Summon Mana Viper and
                  | Summon Cactus Giant to your library.
  8661 | D:10     | Noticed a two-headed ogre
  8670 | D:10     | Killed a two-headed ogre
  8783 | D:10     | Found an ancient bone altar of Kikubaaqudgha.
  8853 | D:10     | Noticed a brown ugly thing
  8864 | D:10     | Killed a brown ugly thing
  8984 | D:11     | Reached skill level 7 in Transmutations
  9080 | D:11     | Reached skill level 7 in Short Blades
  9080 | D:11     | Reached skill level 7 in Long Blades
  9080 | D:11     | Reached skill level 7 in Axes
  9080 | D:11     | Reached skill level 7 in Maces & Flails
  9080 | D:11     | Reached skill level 7 in Polearms
  9080 | D:11     | Reached skill level 7 in Staves
  9080 | D:11     | Reached skill level 7 in Ranged Weapons
  9080 | D:11     | Reached skill level 7 in Throwing
  9080 | D:11     | Reached skill level 7 in Armour
  9080 | D:11     | Reached skill level 7 in Stealth
  9080 | D:11     | Reached skill level 7 in Shields
  9080 | D:11     | Reached skill level 7 in Evocations
  9086 | D:11     | Acquired the Omnibus of Charnel Gusts
  9089 | D:11     | You add the spells Airstrike, Summon Lightning Spire,
                  | Freezing Cloud, Death Channel and Borgnjor's Revivification
                  | to your library.
  9159 | D:11     | Reached XP level 12. HP: 91/91 MP: 20/24
  9280 | D:11     | You fall into a shaft and drop 2 floors!
  9352 | D:13     | Noticed a centaur warrior
  9363 | D:13     | Killed a centaur warrior
  9364 | D:13     | Reached skill level 6 in Conjurations
  9364 | D:13     | Reached skill level 6 in Hexes
  9364 | D:13     | Reached skill level 6 in Summonings
  9364 | D:13     | Reached skill level 6 in Necromancy
  9364 | D:13     | Reached skill level 6 in Translocations
  9364 | D:13     | Reached skill level 6 in Fire Magic
  9364 | D:13     | Reached skill level 6 in Ice Magic
  9364 | D:13     | Reached skill level 6 in Air Magic
  9364 | D:13     | Reached skill level 6 in Earth Magic
  9364 | D:13     | Reached skill level 6 in Poison Magic
  9373 | D:13     | Reached skill level 8 in Invocations
  9424 | D:13     | Identified the +4 war axe of Mayhem {vamp, Contam +Blink
                  | rC++ Int+4}
  9553 | D:12     | Reached skill level 9 in Spellcasting
  9554 | D:12     | HP: 20/92 [fire elemental[Azrael] (12)]
  9556 | D:12     | Noticed Azrael
  9559 | D:12     | HP: 11/138 [fire elemental[Azrael] (5)]
  9559 | D:12     | HP: 3/138 [fire elemental[Azrael] (8)]
  9560 | D:12     | Slain by a fire elemental

Vanquished Creatures
  A centaur warrior (D:13)
  3 two-headed ogres
  Erica (D:8)
  A death knight (D:9)
  An ugly thing (D:10)
  An unseen horror zombie (D:8)
  Maggie (D:6)
  A gargoyle (D:10)
  Psyche (D:8)
  2 kobold demonologists (D:9)
  An unseen horror (D:12)
  Prince Ribbit (D:6)
  A meliai (shapeshifter) (D:13)
  A hornet (D:11)
  Grinder (D:5)
  3 wraiths (D:9)
  12 yaks
  A vampire (D:13)
  2 wyverns (D:11)
  7 vampire mosquitoes (D:11)
  Edmund (D:4)
  2 hell hounds (D:12)
  2 water moccasins
  An acid dragon (D:12)
  A black bear (D:8)
  An ice beast (D:7)
  2 sky beasts (D:6)
  2 orc warriors
  A hornet zombie (D:8)
  An ogre (D:4)
  8 centaurs
  A kobold brigand (D:7)
  A wyvern zombie (D:8)
  2 bullfrogs (D:8)
  4 scorpions
  16 wights (D:8)
  5 howler monkeys
  2 jellies
  4 hounds
  6 centaur zombies (D:8)
  3 gnoll boudas
  3 orc priests
  3 iguanas
  8 orc wizards
  A killer bee zombie (D:8)
  A howler monkey zombie (D:8)
  14 gnolls
  10 adders
  2 ufetubi
  6 dart slugs
  29 orcs
  2 ball pythons
  7 endoplasms
  2 giant cockroaches
  6 goblins
  13 hobgoblins
  4 jackals (D:1)
  18 kobolds
  2 quokkas
  4 bats (D:1)
  2 frilled lizards (D:1)
  5 rats
251 creatures vanquished.

Vanquished Creatures (others)
  A goblin (D:6)
  3 fungi (D:9)
  21 plants (D:11)
  2 withered plants (D:8)
27 creatures vanquished.

Grand Total: 278 creatures vanquished

Table legend:
 A = Non-vault XP
 B = Vault XP
 C = Vault XP percentage of total XP
 D = Non-vault monster count
 E = Vault monster count
 F = Vault count percentage of total count
                 A         B        C        D         E       F
            +---------+---------+-------+---------+---------+-------
      Total |   16053 |    5141 |  24.3 |     216 |      35 |  13.9
            +---------+---------+-------+---------+---------+-------
        D:1 |      49 |       0 |   0.0 |      27 |       0 |   0.0
        D:2 |      89 |       0 |   0.0 |      16 |       0 |   0.0
        D:3 |      83 |       0 |   0.0 |      14 |       0 |   0.0
        D:4 |     358 |     173 |  32.6 |      16 |       1 |   5.9
        D:5 |     643 |     258 |  28.6 |      20 |       1 |   4.8
        D:6 |     581 |     714 |  55.1 |      16 |       7 |  30.4
        D:7 |    1568 |       4 |   0.3 |      26 |       1 |   3.7
        D:8 |    1360 |    2859 |  67.8 |      25 |      22 |  46.8
        D:9 |    3236 |     832 |  20.5 |      21 |       1 |   4.5
       D:10 |    3702 |       0 |   0.0 |      15 |       0 |   0.0
       D:11 |    1969 |       0 |   0.0 |      10 |       0 |   0.0
       D:12 |     521 |     301 |  36.6 |       2 |       2 |  50.0
       D:13 |    1894 |       0 |   0.0 |       8 |       0 |   0.0
            +---------+---------+-------+---------+---------+-------

Illustrated notes

Table legend:
 A = Kills in this place as a percentage of kills in the entire game.
 B = Kills by you in this place as a percentage of kills by you in the entire game.
 C = Kills by friends in this place as a percentage of kills by friends in the entire game.
 D = Other kills in this place as a percentage of other kills in the entire game.
 E = Experience gained in this place as a percentage of experience gained in the entire game.
 F = Experience gained in this place divided by the number of levels of this place that you have seen.
                   A       B       C       D       E      F
               +-------+-------+-------+-------+-------+----------------------
         Total | 100.0 | 100.0 |   N/A |   N/A | 100.0 | 1630.3
       Dungeon | 100.0 | 100.0 |   N/A |   N/A | 100.0 | 1630.3
               +-------+-------+-------+-------+-------+----------------------

Table legend: (Time is in decaauts)
 A = Elapsed time spent in this place.
 B = Non-inter-level travel time spent in this place.
 C = Inter-level travel time spent in this place.
 D = Time resting spent in this place.
 E = Time spent auto-exploring this place.
 F = Levels seen in this place.
 G = Mean time per level.
                   A        B        C        D        E       F      G
               +--------+--------+--------+--------+--------+-----+--------+
         Total |   9491 |   9147 |    344 |    460 |   6845 |  13 |  730.1 |
       Dungeon |   9491 |   9147 |    344 |    460 |   6845 |  13 |  730.1 |
               +--------+--------+--------+--------+--------+-----+--------+

Top non-repeatable levels by time:
     D:8: 1362 daAuts
     D:5: 1120 daAuts
     D:9: 1062 daAuts
     D:7: 943 daAuts
     D:6: 880 daAuts
     D:3: 784 daAuts
     D:1: 777 daAuts
    D:10: 768 daAuts
     D:2: 744 daAuts
     D:4: 479 daAuts
    D:11: 295 daAuts
    D:13: 152 daAuts
    D:12: 121 daAuts
